 Dungeon Crawl Stone Soup version 0.28-a0-239-g68911e0c57 (webtiles) character file.

Game seed: 2864725536654748466

518 pokeman the Magician (level 7, -2/38 HPs)
             Began as a Deep Elf Hedge Wizard on Aug 23, 2021.
             Slain by Grinder (8 damage)
             ... while paralysed by Grinder
             ... on level 4 of the Dungeon.
             The game lasted 00:10:04 (4672 turns).

pokeman the Magician (Deep Elf Hedge Wizard)        Turns: 4672, Time: 00:10:05

Health: -2/38      AC:  8    Str:  7    XL:     7   Next: 1%
Magic:  7/20       EV:  2    Int: 21    God:
Gold:   138        SH:  0    Dex: 14    Spells: 10/21 levels left

rFire   . . .      SeeInvis .   y - +2 short sword (drain)
rCold   . . .      Faith    .   (no shield)
rNeg    . . .      Spirit   .   e - +0 leather armour
rPois   .          Reflect  .   c - +0 hat
rElec   .          Harm     .   (no cloak)
rCorr   .          Rampage  .   (no gloves)
Will    .....                   n - +0 pair of boots
Stlth   ++........              (no amulet)
HPRegen 0.12/turn               p - +4 ring of protection
MPRegen 0.17/turn               (no ring)

@: paralysed
A: no striking features
a: no special abilities


You were on level 4 of the Dungeon.
You visited 1 branch of the dungeon, and saw 4 of its levels.

You collected 138 gold pieces.

Inventory:

Hand Weapons
 y - a +2 short sword of draining (weapon)
Missiles
 t - 8 arrows
Armour
 c - a +0 hat (worn)
 e - a +0 leather armour (worn)
 n - a +0 pair of boots (worn)
Jewellery
 p - a +4 ring of protection (left hand)
 u - an amulet of the acrobat
Scrolls
 a - 2 scrolls of fog {unknown}
 b - a scroll of amnesia {unknown}
 d - 2 scrolls of teleportation {unknown}
 f - 3 scrolls of immolation {unknown}
 i - a scroll of enchant weapon {unknown}
 j - a scroll of summoning {unknown}
 o - 4 scrolls of identify {unknown}
 q - a scroll of silence {unknown}
 s - a scroll of magic mapping {unknown}
 v - a scroll of holy word {unknown}
 w - a scroll of enchant armour {unknown}
Potions
 h - a potion of brilliance {unknown}
 k - a potion of flight {unknown}
 l - a potion of resistance {unknown}
 m - a potion of lignification {unknown}
 r - 2 potions of curing {unknown}
 x - a potion of degeneration {unknown}


   Skills:
 - Level 1.0 Fighting
 - Level 1.0 Armour
 - Level 3.0 Dodging
 - Level 3.9 Stealth
 * Level 7.6 Spellcasting
 - Level 3.5 Conjurations
 - Level 1.1 Summonings
 - Level 1.1 Translocations
 - Level 1.2 Fire Magic
 - Level 2.1 Air Magic


You had 10 spell levels left.
You knew the following spells:

 Your Spells              Type           Power      Damage    Failure   Level
a - Magic Dart            Conj           88%        1d7       2%          1
b - Mephitic Cloud        Conj/Pois/Air  16%        N/A       17%         3
c - Call Imp              Summ           12%        N/A       12%         2
d - Blink                 Tloc           N/A        N/A       12%         2
e - Conjure Flame         Conj/Fire      18%        6-21      14%         3

Your spell library contained the following spells:

 Spells                   Type           Power      Damage    Failure   Level
 Slow                     Hex            8%         N/A       19%         2


Dungeon Overview and Level Annotations

Branches:
Dungeon (4/15)
 Temple: D:4-7

Altars:
Dithmenos
Elyvilon

Annotations:
D:4 Grinder


Message History

The magic dart hits Grinder but does no damage.
Grinder is severely wounded.
Casting: Magic Dart (safe; 2% risk of failure)
Confirm with . or Enter, or press ? or * to list all spells.
Aiming: Magic Dart (safe; 2% risk of failure)
Press: ? - help, Shift-Dir - straight line, f/p - Grinder
Aim: Grinder, carrying a wand of flame (5) (severely wounded, 100% to hit)
The magic dart hits Grinder.
Grinder is severely wounded.
Casting: Magic Dart (safe; 2% risk of failure)
Confirm with . or Enter, or press ? or * to list all spells.
Aiming: Magic Dart (safe; 2% risk of failure)
Press: ? - help, Shift-Dir - straight line, f/p - Grinder
Aim: Grinder, carrying a wand of flame (5) (severely wounded, 100% to hit)
The magic dart hits Grinder.
Grinder is almost dead.
Grinder blinks!
Casting: Magic Dart (safe; 2% risk of failure)
Confirm with . or Enter, or press ? or * to list all spells.
Aiming: Magic Dart (safe; 2% risk of failure)
Press: ? - help, Shift-Dir - straight line, f/p - Grinder
Aim: Grinder, carrying a wand of flame (5) (almost dead, 100% to hit)
The magic dart hits Grinder.
Grinder is almost dead.
Casting: Magic Dart (safe; 2% risk of failure)
Confirm with . or Enter, or press ? or * to list all spells.
Aiming: Magic Dart (safe; 2% risk of failure)
Press: ? - help, Shift-Dir - straight line, f/p - Grinder
Aim: Grinder, carrying a wand of flame (5) (almost dead, 100% to hit)
The magic dart hits Grinder.
Grinder is almost dead.
Grinder gestures at you.
You suddenly lose the ability to move!
Grinder says, "FISH!"
Grinder hits you but does no damage.
Grinder zaps a wand.
The puff of flame hits you! Grinder hits you.
* * * LOW HITPOINT WARNING * * *
Grinder hits you!
You die...

....# #.# #.#§§§.§§§§§### #...#
#.# #..§§......§§.# ....# #.#
#§.§§.._..§§§.# ....# #.#
#..§§.§..§§§§.# ###.#####.#
#####.#§§§§.§§§§#.#
.##....5..####.....##§§.§§§§##§#
.##.######......######.§..§###.#
....# #.###.########...####.#
.#### #.# #.5@.<.......# #..#
..# ##.###.################ #.##
..# #........# #.# ..#
##.###.).## #.# ..# ##..)..##
#)# ..# #.......# ##.### ...
#.......###.. #..... ...
#............ #.##.#
##.....####.. ##.##.#


You could see Grinder.

Vanquished Creatures
  Eustachio (D:2)
  Duvessa (D:4)
  Dowan (D:4)
  2 orc priests (D:3)
  Natasha (D:4)
  An orc wizard (D:3)
  3 adders
  A shadow imp (D:3)
  3 dart slugs
  17 orcs
  5 endoplasms
  4 giant cockroaches
  6 goblins
  A hobgoblin (D:2)
  2 jackals (D:2)
  A quokka (D:1)
  5 ball pythons
  3 bats (D:3)
  6 frilled lizards
  6 kobolds
  6 rats
76 creatures vanquished.

Vanquished Creatures (collateral kills)
  A worm (D:3)
1 creature vanquished.

Vanquished Creatures (others)
  A plant (D:4)
1 creature vanquished.

Grand Total: 78 creatures vanquished

Notes
Turn   | Place    | Note
-------+----------+-------------------------------------------
     0 | D:1      | pokeman the Deep Elf Hedge Wizard began the quest for the
                  | Orb.
     0 | D:1      | Reached XP level 1. HP: 10/10 MP: 7/7
   444 | D:1      | Reached XP level 2. HP: 16/16 MP: 6/9
   902 | D:2      | Found a faded altar of an unknown god.
  1272 | D:2      | Reached skill level 5 in Spellcasting
  1515 | D:2      | Reached XP level 3. HP: 20/20 MP: 5/11
  1519 | D:2      | Learned a level 3 spell: Mephitic Cloud
  1522 | D:2      | Learned a level 2 spell: Call Imp
  1525 | D:2      | Learned a level 2 spell: Blink
  1529 | D:2      | Learned a level 3 spell: Conjure Flame
  2043 | D:3      | Reached skill level 1 in Armour
  2144 | D:3      | Reached skill level 1 in Fighting
  2371 | D:3      | Found a white marble altar of Elyvilon.
  2544 | D:3      | Reached XP level 4. HP: 25/25 MP: 6/13
  2720 | D:3      | Reached skill level 6 in Spellcasting
  2720 | D:3      | Reached skill level 1 in Fire Magic
  2851 | D:3      | Reached XP level 5. HP: 27/29 MP: 6/15
  3447 | D:4      | Noticed Eustachio
  3587 | D:4      | Found a shadowy altar of Dithmenos.
  3592 | D:4      | Noticed an ogre
  3601 | D:4      | Noticed Natasha
  3612 | D:4      | Killed Natasha
  3642 | D:4      | Noticed Dowan
  3645 | D:4      | Noticed Duvessa
  3915 | D:2      | Killed Eustachio
  3916 | D:2      | Reached skill level 7 in Spellcasting
  3916 | D:2      | Reached skill level 1 in Air Magic
  3916 | D:2      | Reached XP level 6. HP: 34/34 MP: 5/18
  4048 | D:4      | Killed Dowan
  4262 | D:4      | Noticed Grinder
  4401 | D:4      | Killed Duvessa
  4402 | D:4      | Reached XP level 7. HP: 16/38 MP: 10/20
  4599 | D:4      | Paralysed by Grinder for 4 turns
  4668 | D:4      | Paralysed by Grinder for 5 turns
  4672 | D:4      | Slain by Grinder

Illustrated notes

Levels and vault maps discovered:
D:1:      lemuel_arrival_funnel, layout_basic, grunt_decor_fettered
D:2:      layout_basic, basic_ecumenical_altar, minmay_misc_feat_alley,
          minmay_misc_feat_pillars
D:3:      layout_basic, mainiacjoe_overflow_24_doors, fountainhead
D:4:      layout_loops_cross, nicolae_dithmenos_the_darkroom,
          minmay_temple_entry_mini_moons, gammafunk_ghost_gnarly_gnolls,
          uniq_duvessa, uniq_grinder, uniq_blork_the_orc, uniq_natasha,
          uniq_eustachio

Skill      XL: |  1  2  3  4  5  6 |
---------------+-------------------+-----
Spellcasting   | 5 6 7 |  7.6
Armour         | 1 |  1.0
Conjurations   | 2 3 |  3.5
Fighting       | 1 |  1.0
Dodging        | 3 |  3.0
Fire Magic     | 1 |  1.2
Stealth        | 3 |  3.9
Air Magic      | 1 2 |  2.1
Summonings     | |  1.1
Translocations | |  1.1

Action                   |  1- 3 |  4- 6 |  7- 9 || total
-------------------------+-------+-------+-------++-------
Melee: Spear             |    23 |    38 |       ||    61
 Cast: Magic Dart        |   111 |   105 |    13 ||   229
       Call Imp          |     1 |     4 |     1 ||     6
       Mephitic Cloud    |       |    11 |       ||    11
       Conjure Flame     |       |     5 |     2 ||     7
       Blink             |       |       |     2 ||     2
 Stab: Confused          |       |     3 |       ||     3
Armor: Leather armour    |    15 |    30 |     2 ||    47
Dodge: Dodged            |    23 |    37 |     1 ||    61

Table legend: (Time is in decaauts)
 A = Elapsed time spent in this place.
 B = Non-inter-level travel time spent in this place.
 C = Inter-level travel time spent in this place.
 D = Time resting spent in this place.
 E = Time spent auto-exploring this place.
 F = Levels seen in this place.
 G = Mean time per level.
                   A        B        C        D        E       F      G
               +--------+--------+--------+--------+--------+-----+--------+
         Total |   4684 |   4498 |    186 |    516 |   3208 |   4 | 1171.0 |
       Dungeon |   4684 |   4498 |    186 |    516 |   3208 |   4 | 1171.0 |
               +--------+--------+--------+--------+--------+-----+--------+

Top non-repeatable levels by time:
     D:3: 1854 daAuts
     D:2: 1399 daAuts
     D:1: 808 daAuts
     D:4: 623 daAuts
